 Dungeon Crawl Stone Soup version 0.18-a0-1677-g2bdad6c (webtiles) character file.

1408 namelastname112 the Basher (level 8, 0/106 HPs)
             Began as a Purple Draconian Berserker on Apr 3, 2016.
             Was an Elder of Trog.
             Killed from afar by an orc wizard (5 damage)
             ... with a puff of frost
             ... on level 6 of the Dungeon.
             The game lasted 00:05:45 (5193 turns).

namelastname112 the Basher (DrBe)                   Turns: 5193, Time: 00:05:45

Health: 0/106      AC:  8    Str: 24    XL:     8   Next: 42%
Magic:  8/8        EV: 14    Int:  6    God:    Trog [****..]
Gold:   187        SH:  0    Dex: 13    Spells: 0 memorised, 7 levels left

rFire  . . .     SeeInvis .     K - +0 whip (drain)
rCold  . . .     Gourm    .     (armour unavailable)
rNeg   . . .     Faith    .     (no shield)
rPois  .         Spirit   .     (helmet restricted)
rElec  .         Dismiss  .     w - +0 cloak (curse)
rCorr  .         Reflect  .     (no gloves)
SustAt .         Harm     .     f - +0 pair of boots
MR     +++..                    (no amulet)
Stlth  ..........               (no ring)
                                y - -2 ring of intelligence (curse)

@: berserking, short of breath, regenerating, very quick, extremely resistant to
hostile enchantments, extremely unstealthy
A: breathe power, unfitting armour, cold-blooded, AC +6
a: Breathe Dispelling Energy, Berserk, Trog's Hand, Brothers in Arms, Burn
Spellbooks, Renounce Religion


You were on level 6 of the Dungeon.
You worshipped Trog.
Trog was greatly pleased with you.
You were very hungry.

You visited 1 branch of the dungeon, and saw 6 of its levels.

You collected 187 gold pieces.

Inventory:

Hand Weapons
 K - a +0 whip of draining (weapon)
Armour
 f - a +0 pair of boots (worn)
 w - a cursed +0 cloak (worn)
Jewellery
 q - an uncursed ring of resist corrosion
 r - a +2 ring of evasion
 t - a +2 ring of protection
 y - a cursed -2 ring of intelligence (left hand)
Wands
 a - a wand of flame (26/48)
 g - a wand of disintegration (12/24)
 m - a wand of lightning (10/15)
 v - a wand of confusion (27/48)
 D - a wand of disintegration (13/24)
Scrolls
 d - 2 scrolls of teleportation {unknown}
 h - 4 scrolls of remove curse {unknown}
 l - a scroll of random uselessness {unknown}
 p - 2 scrolls of blinking {unknown}
 x - a scroll of amnesia {unknown}
 z - 2 scrolls of noise {unknown}
 B - a scroll of fog {unknown}
 C - 3 scrolls of identify {unknown}
 H - a scroll of immolation {unknown}
 I - a scroll of enchant weapon {unknown}
Potions
 c - a potion of mutation {unknown}
 e - a potion of cure mutation {unknown}
 i - 4 potions of degeneration {unknown}
 j - 2 potions of lignification {unknown}
 k - a potion of might {unknown}
 n - 2 potions of curing {unknown}
 o - 2 potions of heal wounds {unknown}
 s - 2 potions of flight {unknown}
 A - a potion of brilliance {unknown}
 E - a potion of haste {unknown}
 F - a potion of beneficial mutation {unknown}
Comestibles
 b - 3 bread rations
 u - 3 fruits
 G - 2 meat rations


   Skills:
 + Level 6.7 Fighting
 * Level 8.0 Maces & Flails
 + Level 5.2 Dodging


You had 7 spell levels left.
You didn't know any spells.

Dungeon Overview and Level Annotations

Branches:
Dungeon (6/15)
 Temple: D:4-7

Altars:
Ashenzari
Cheibriados
Dithmenos
Kikubaaqudgha
Pakellas
Ru


Innate Abilities, Weirdness & Mutations

You can breathe bolts of dispelling energy.
Your rich purple scales are hard (AC +6).
Your body does not fit into most forms of armour.
You are cold-blooded and may be slowed by cold attacks.


Message History

The orc priest is heavily wounded.
You hear some strange, mumbled words.
A magic dart appears from out of thin air!
The magic dart hits you!
* * * LOW HITPOINT WARNING * * *
The orc completely misses you.
Eat which item? (? for menu, Esc to quit)
You are feeling hungry.
Something hits you.
* * * LOW HITPOINT WARNING * * *
The orc barely misses you. The orc priest barely misses you.
The orc closely misses you. Something hits you but does no damage.
Mmmm...
Yummy rambutan.
A red film seems to cover your vision as you go berserk!
You feel yourself moving faster!
You feel mighty!
You are feeling very hungry.
You hear some strange, mumbled words.
A puff of frost appears from out of thin air!
The puff of frost hits you!
You die...

##.......## #.##.
#..♣...♣..###....
##................
##.(.........###...
#.†♣...♣...♣..##... #
##)............###..
...###..5............ #..
.......♣oo.♣[..♣...♣..##.
........@.............##.
......[..o...............
.........♣...♣...♣...###
.>.....#........
.......#........
...........♣...♣
................
...............#


You could see an orc priest, a crimson imp and 2 orcs.

Vanquished Creatures
  Eustachio (D:6)
  A phantom (D:5)
  2 ogres
  A centaur (D:6)
  A giant frog (D:5)
  A scorpion (D:5)
  2 howler monkeys
  3 crimson imps
  2 giant frog zombies
  A gnoll shaman (D:4)
  An orc priest (D:6)
  2 centaur skeletons (D:5)
  3 orc wizards
  A giant frog skeleton (D:6)
  Ijyb (D:2)
  A worker ant (D:5)
  A hound skeleton (D:6)
  A howler monkey skeleton (D:4)
  8 gnolls
  6 adders
  2 shadow imps (D:5)
  An adder skeleton (D:6)
  3 worms
  3 dart slugs
  3 giant geckos
  27 orcs
  6 bats
  7 giant cockroaches
  6 goblins
  7 hobgoblins
  4 jackals
  5 kobolds
  6 quokkas
  A ball python (D:4)
  A giant gecko skeleton (D:4)
  6 giant newts
  2 quokka skeletons
  6 rats
136 creatures vanquished.

Vanquished Creatures (others)
  A troll (D:5)
1 creature vanquished.

Grand Total: 137 creatures vanquished

Notes
Turn   | Place    | Note
--------------------------------------------------------------
     0 | D:1      | namelastname112 the Draconian Berserker began the quest for the Orb.
     0 | D:1      | Reached XP level 1. HP: 19/19 MP: 1/1
   200 | D:1      | Reached XP level 2. HP: 14/26 MP: 2/2
   565 | D:1      | Reached ** piety under Trog
   996 | D:2      | Reached XP level 3. HP: 31/33 MP: 3/3
  1027 | D:2      | Noticed Ijyb
  1043 | D:2      | Killed Ijyb
  1043 | D:2      | Reached skill level 4 in Maces & Flails
  1243 | D:2      | Reached XP level 4. HP: 40/40 MP: 4/4
  1937 | D:3      | Reached XP level 5. HP: 44/46 MP: 5/5
  1975 | D:3      | Reached *** piety under Trog
  2180 | D:3      | Found a shattered altar of Ashenzari.
  2185 | D:3      | Found a snail-covered altar of Cheibriados.
  2520 | D:4      | Noticed an ogre
  2524 | D:4      | Killed an ogre
  2524 | D:4      | Reached skill level 5 in Maces & Flails
  2524 | D:4      | Reached XP level 6. HP: 53/53 MP: 6/6
  2942 | D:4      | Reached skill level 5 in Fighting
  3289 | D:4      | Found a shadowy altar of Dithmenos.
  3598 | D:5      | Entered Level 5 of the Dungeon
  3643 | D:5      | Reached skill level 6 in Maces & Flails
  3792 | D:5      | Your scales start taking on a rich purple colour.
  3792 | D:5      | Reached XP level 7. HP: 55/61 MP: 7/7
  4022 | D:5      | Reached **** piety under Trog
  4558 | D:5      | Found a sacrificial altar of Ru.
  4558 | D:5      | Found an ancient bone altar of Kikubaaqudgha.
  4635 | D:5      | Reached skill level 7 in Maces & Flails
  4695 | D:5      | Found an oddly glowing altar of Pakellas.
  4698 | D:5      | Reached XP level 8. HP: 49/70 MP: 8/8
  4726 | D:5      | Noticed an orange crystal statue
  4727 | D:5      | Noticed a troll
  4743 | D:5      | Killed a troll
  5050 | D:6      | Noticed Eustachio
  5090 | D:6      | Killed Eustachio
  5090 | D:6      | Reached skill level 5 in Dodging
  5179 | D:6      | Reached skill level 8 in Maces & Flails
  5191 | D:6      | HP: 3/71 [something/magic dart (3)]
  5193 | D:6      | Killed from afar by an orc wizard

Vault maps used:
D:1:      matt_arrival_refuge, minmay_crystal_room
D:2:      minmay_misc_feat_square, minmay_surrounded, uniq_iyjb
D:3:      lemuel_doored_altar, cheibriados_altar_1, feat_on_display
D:4:      grunt_dithmenos_shadows, kennysheep_nondescript
D:5:      gammafunk_temple_overflow_wave, first_bread, serial_park_tiny_1,
          gammafunk_pakellas_statue_experiment
D:6:      kennysheep_doodads, uniq_menkaure, uniq_eustachio

Skill      XL: |  1  2  3  4  5  6  7  8 |
---------------+-------------------------+-----
Maces & Flails | 4 5 6 7 8 |  8.0
Dodging        | 3 4 5 |  5.2
Fighting       | 4 5 6 |  6.7

Action                   |  1- 3 |  4- 6 |  7- 9 || total
-------------------------+-------+-------+-------++-------
Melee: Mace              |   112 |   260 |   143 ||   515
       Whip              |       |       |   140 ||   140
Invok: Berserk           |     2 |     2 |     1 ||     5
       Trog's Hand       |       |     1 |     1 ||     2
       Burn Spellbooks   |       |       |     1 ||     1
 Abil: Breathe Dispellin |       |       |     3 ||     3
  Eat: Bread ration      |     1 |       |       ||     1
       Chunk             |       |     6 |     5 ||    11
       Fruit             |       |     1 |     1 ||     2
       Beef jerky        |       |     1 |       ||     1
